 Dungeon Crawl Stone Soup version 0.28-a0-1339-ga5422284a4 (webtiles) character file.

Game seed: 11387890392217710739

3119 night the Thaumaturge (level 9, -6/57 HPs)
             Began as a Demonspawn Wanderer on Dec 27, 2021.
             Mangled by a warg (14 damage)
             ... on level 8 of the Dungeon on Dec 28, 2021.
             The game lasted 00:29:49 (12547 turns).

night the Thaumaturge (Demonspawn Wanderer)        Turns: 12547, Time: 00:29:50

Health: -6/57      AC:  5    Str:  9    XL:     9   Next: 60%
Magic:  11/21      EV: 11    Int: 20    God:
Gold:   460        SH:  6    Dex: 14    Spells: 12/24 levels left

rFire   + . .      SeeInvis .   x - +7 war axe "Zeankam" {vorpal, Stlth+}
rCold   . . .      Faith    .   (no shield)
rNeg    . . .      Spirit   .   b - +0 robe
rPois   .          Reflect  .   (helmet unavailable)
rElec   .          Harm     .   (no cloak)
rCorr   .          Rampage  .   k - +1 pair of gloves
Will    .....                   c - +0 pair of boots
Stlth   +++.......              B - amulet of the acrobat
HPRegen 0.19/turn               y - ring of protection from fire
MPRegen 0.17/turn               (no ring)

@: no status effects
A: horns 3, large bone plates 2, powered by death 1
a: no special abilities


You were on level 8 of the Dungeon.
You visited 2 branches of the dungeon, and saw 9 of its levels.

You collected 460 gold pieces.

Inventory:

Hand Weapons
 a - a +0 dagger
 u - a +1 scimitar
 x - the +7 war axe "Zeankam" (weapon) {vorpal, Stlth+}
   (You found it on level 6 of the Dungeon)

   It inflicts extra damage upon your enemies.
   Stlth:     It makes you more stealthy.
Missiles
 e - 188 stones (quivered)
 f - 56 bolts
 g - 75 sling bullets
 h - 139 arrows
 m - 2 throwing nets
 n - 4 poisoned darts
 s - 5 javelins
Armour
 b - a +0 robe (worn)
 c - a +0 pair of boots (worn)
 k - a +1 pair of gloves (worn)
Jewellery
 y - a ring of protection from fire (left hand)
 B - an amulet of the acrobat (around neck)
Wands
 p - a wand of mindburst (14)
 C - a wand of charming (7)
Scrolls
 l - a scroll of teleportation
 o - 3 scrolls of identify
 r - a scroll of blinking
 w - a scroll of fog
Potions
 d - 2 potions of mutation
 i - 3 potions of haste
 j - a potion of heal wounds
 v - a potion of lignification
 z - a potion of curing


   Skills:
 + Level 5.3 Axes
 - Level 1.0 Armour
 - Level 1.0 Dodging
 - Level 1.0 Stealth
 + Level 8.0 Spellcasting
 + Level 4.7 Conjurations
 - Level 2.0 Hexes
 - Level 0.1 Fire Magic
 - Level 7.7 Poison Magic


You had 12 spell levels left.
You knew the following spells:

 Your Spells              Type           Power      Damage    Failure   Level
a - Foxfire               Conj/Fire      68%        2x1d7     3%          1
b - Sting                 Tmut/Pois      92%        1d7       1%          1
c - Poisonous Vapours     Pois/Air       46%        N/A       2%          2
d - Olgreb's Toxic Radia  Pois           38%        N/A       3%          4
e - Iskenderun's Mystic   Conj/Tloc      17%        2d5       32%         4

Your spell library contained the following spells:

 Spells                   Type           Power      Damage    Failure   Level
 Slow                     Hex            64%        N/A       3%          1
 Dazzling Flash           Conj/Hex       42%        N/A       6%          3
 Sandblast                Erth           16%        2d6       9%          1
 Conjure Flame            Conj/Fire      17%        6-21      10%         3
 Stone Arrow              Conj/Erth      34%        3d9       10%         3
 Passwall                 Tmut/Erth      6%         N/A       13%         2
 Sublimation of Blood     Necr           8%         N/A       13%         2
 Wereblood                Tmut           8%         N/A       13%         2
 Ozocubu's Armour         Ice            8%         N/A       26%         3
 Iskenderun's Battlesphe  Conj           26%        2d8       34%         5
 Fireball                 Conj/Fire      8%         3d6       65%         5
 Conjure Ball Lightning   Conj/Air       8%         3x3d6     99%         6
 Orb of Destruction       Conj           13%        9d6       100%        7
 Ozocubu's Refrigeration  Ice            4%         4d5       100%        7
 Summon Hydra             Summ           4%         N/A       100%        7


Dungeon Overview and Level Annotations

Branches:
Dungeon (8/15)             Temple (1/1) D:5
   Lair: D:8-11

Altars:
Ashenzari
Cheibriados
Elyvilon
Fedhas
Hepliaklqana
Kikubaaqudgha
Makhleb
Nemelex Xobeh
Okawaru
Qazlal
Ru
Sif Muna
Trog
Uskayaw
Vehumet
Wu Jian
Zin
The Shining One

Shops:
D:6 *

Annotations:
D:4 1 runed translucent door, Panino's ghost, amateur DrTm


Innate Abilities, Weirdness & Mutations

You have a pair of large horns on your head.
You are mostly covered in large bone plates. (SH +6)
You regenerate a little health from kills.


Message History

The warg bites you! x2
You closely miss the warg.
The warg is heavily wounded.
The warg closely misses you.
You hit the warg.
The warg is heavily wounded.
The warg misses you. The warg bites you!
You slash the warg!
The warg is almost dead.
The warg bites you. x2
You closely miss the warg.
The warg is almost dead.
The warg closely misses you.
Casting: Olgreb's Toxic Radiance (dangerous; 3% risk of failure)
Confirm with . or Enter, or press ? or * to list all spells.
You conjure some foxfire!
The warg barely misses you. You block the warg's attack.
Unknown command.
Casting: Foxfire (safe; 3% risk of failure)
Confirm with . or Enter, or press ? or * to list all spells.
Aiming: Sting (safe; 1% risk of failure)
Press: ? - help, Shift-Dir - straight line, f - warg
Aim: a warg (almost dead, ally target, 70% to hit)
The sting misses the warg.
The sting hits the orc warrior but does no damage.
The orc warrior is poisoned.
The orc warrior is lightly wounded.
The foxfire hits the warg.
The warg is almost dead.
The warg bites you!
* * * LOW HITPOINT WARNING * * *
Casting: Sting (safe; 1% risk of failure)
Confirm with . or Enter, or press ? or * to list all spells.
Aiming: Sting (safe; 1% risk of failure)
Press: ? - help, Shift-Dir - straight line, f/p - warg
Aim: a warg (almost dead, 70% to hit)
The sting hits the warg.
The warg partially resists.
The warg is almost dead.
The warg bites you!
You die...

.##......##...##...###### #
##.....##.....##........
..........#..###..###......
###..##.....##.)(##...####...
#... #.......#####........### .
....##......##...##...####...
...##........##..###..###......
o.)).........###.....##........
......).....oh@##...##...######
.............#.######...##....#
..#............#.##.#...##.##..
#.................##...###...
#..................##.......#
#...##..##.##.......###...###
#### ##.#####.........#######
### #...............# .....###
#......††........


You could see a warg and an orc warrior (poisoned).

Vanquished Creatures
  A slime creature (D:6)
  Sigmund (D:5)
  A steam dragon (D:8)
  Menkaure (D:6)
  A water moccasin (D:7)
  4 ogres (D:6)
  An ice beast (D:8)
  A centaur (D:7)
  A phantom (D:6)
  A kobold brigand (D:8)
  A scorpion (D:2)
  A wyvern zombie (D:8)
  2 water moccasin zombies (D:6)
  9 killer bees (D:8)
  10 wights (D:7)
  A howler monkey (D:7)
  2 centaur zombies (D:6)
  A bullfrog zombie (D:6)
  A jelly (D:7)
  3 hounds
  2 orc priests (D:8)
  A gnoll shaman (D:7)
  Terence (D:2)
  An orc wizard (D:7)
  2 killer bee zombies (D:7)
  Robin (D:2)
  A howler monkey zombie (D:5)
  A howler monkey skeleton (D:7)
  5 adders
  8 gnolls
  2 shadow imps
  2 white imps
  2 ufetubi
  An adder skeleton (D:2)
  2 dart slugs (D:4)
  10 orcs
  3 bats
  9 endoplasms
  2 giant cockroaches (D:2)
  13 goblins
  4 hobgoblins
  13 jackals
  10 kobolds
  5 quokkas
  5 ball pythons
  3 frilled lizards
  7 rats
160 creatures vanquished.

Vanquished Creatures (others)
  405 foxfires
  2 withered plants (D:4)
407 creatures vanquished.

Grand Total: 567 creatures vanquished

Notes
Turn   | Place    | Note
-------+----------+-------------------------------------------
     0 | D:1      | night the Demonspawn Wanderer began the quest for the Orb.
     0 | D:1      | night set off with the following items: a +0 dagger, a +0
                  | robe, a +0 pair of boots; and the following spells
                  | available to memorise: Slow, Foxfire, Dazzling Flash,
                  | Conjure Flame, Iskenderun's Mystic Blast
     0 | D:1      | Reached XP level 1. HP: 13/13 MP: 3/3
     4 | D:1      | Learned a level 1 spell: Foxfire
   361 | D:1      | Learned a level 1 spell: Sting
   418 | D:1      | Gained mutation: You have a pair of small horns on your
                  | head. [demonic ancestry]
   418 | D:1      | Reached XP level 2. HP: 6/19 MP: 0/5
   972 | D:1      | Found a faded altar of an unknown god.
  1132 | D:1      | Learned a level 2 spell: Poisonous Vapours
  1306 | D:1      | Reached skill level 1 in Poison Magic
  1933 | D:2      | Gained mutation: You have a pair of horns on your head.
                  | [demonic ancestry]
  1933 | D:2      | Reached XP level 3. HP: 18/24 MP: 2/6
  2146 | D:2      | Noticed Robin
  2700 | D:2      | Reached skill level 3 in Spellcasting
  2700 | D:2      | Reached skill level 2 in Poison Magic
  2700 | D:2      | Gained mutation: You regenerate a little health from kills.
                  | [demonic ancestry]
  2700 | D:2      | Reached XP level 4. HP: 30/30 MP: 2/8
  2770 | D:2      | Killed Robin
  3000 | D:2      | Noticed Terence
  3017 | D:2      | Killed Terence
  3333 | D:2      | Noticed a scorpion
  3342 | D:2      | Killed a scorpion
  3343 | D:2      | Gained mutation: You are partially covered in large bone
                  | plates. (SH +4) [demonic ancestry]
  3343 | D:2      | Reached XP level 5. HP: 30/35 MP: 6/10
  3637 | D:3      | Reached skill level 4 in Spellcasting
  3921 | D:3      | Found a snail-covered altar of Cheibriados.
  4527 | D:4      | Learned a level 4 spell: Olgreb's Toxic Radiance
  4881 | D:4      | Found a runed translucent door.
  4886 | D:4      | Noticed Panino's ghost (amateur DrTm)
  5166 | D:4      | Gained mutation: You have a pair of large horns on your
                  | head. [demonic ancestry]
  5166 | D:4      | Reached XP level 6. HP: 41/41 MP: 9/12
  5533 | D:5      | Entered Level 5 of the Dungeon
  5600 | D:5      | Noticed Sigmund
  5641 | D:5      | Killed Sigmund
  5906 | D:5      | Found a staircase to the Ecumenical Temple.
  5927 | Temple   | Entered the Ecumenical Temple
  6716 | D:5      | Reached skill level 5 in Spellcasting
  6716 | D:5      | Reached XP level 7. HP: 43/46 MP: 11/14
  6833 | D:6      | Reached skill level 5 in Poison Magic
  6954 | D:6      | Identified the +7 war axe "Zeankam" {vorpal, Stlth+}
  7209 | D:6      | Reached skill level 1 in Axes
  7209 | D:6      | Reached skill level 6 in Spellcasting
  7315 | D:6      | Gained mutation: You are mostly covered in large bone
                  | plates. (SH +6) [demonic ancestry]
  7315 | D:6      | Reached XP level 8. HP: 52/52 MP: 8/17
  7461 | D:6      | Found Gumekk's Overcharged Wands.
  7560 | D:6      | Reached skill level 2 in Axes
  7719 | D:6      | Noticed Menkaure
  7726 | D:6      | Killed Menkaure
  7816 | D:6      | Noticed a troll
  8076 | D:6      | HP: 5/52 [troll (4)]
  8082 | D:6      | a troll changed into something unseen
  8083 | D:6      | HP: 5/52 [something (1)]
  8951 | D:7      | Reached skill level 7 in Spellcasting
  9766 | D:7      | Reached XP level 9. HP: 55/56 MP: 19/19
 10178 | D:7      | Found an ornate altar of the Wu Jian Council.
 10178 | D:7      | Found a hide-covered altar of Uskayaw.
 10557 | D:6      | HP: 7/57 [something (2)]
 10962 | D:7      | Upgraded the game from 0.28-a0-1312-g71652a0310 to
                  | 0.28-a0-1339-ga5422284a4
 11871 | D:8      | Reached skill level 5 in Axes
 12055 | D:8      | Learned a level 4 spell: Iskenderun's Mystic Blast
 12089 | D:8      | Noticed a brown ugly thing
 12459 | D:8      | Reached skill level 8 in Spellcasting
 12546 | D:8      | HP: 7/57 [warg (11)]
 12547 | D:8      | Mangled by a warg

Illustrated notes

Levels and vault maps discovered:
D:1:      dpeg_arrival_signposts, layout_loops_corners,
          ebering_ecumenical_altar_rust, nicolae_figureground_sparkle
D:2:      layout_rooms, chequers_arboretum, uniq_robin, uniq_terence
D:3:      layout_basic, mainiacjoe_overflow_catwalk, lightli_corner_chamber
D:4:      layout_cave_pods, gammafunk_ghost_grave
D:5:      layout_loops_ring, minmay_temple_entry_junction, uniq_sigmund
D:6:      layout_gridville, hangedman_decor_clover_reticule,
          nicolae_shop_overcharged_wands, uniq_menkaure
D:7:      layout_cave_pods, mainiacjoe_overflow_divided_tiny, zin_academy,
          minmay_misc_feat_columns, hangedman_decor_push
D:8:      layout_layer_cave, tso_altar, erik_lair_orcish_takeover,
          wad_floor_pattern_2, minmay_puff
Temple:   cyrus_circular_temple

Skill      XL: |  1  2  3  4  5  6  7  8  9 |
---------------+----------------------------+-----
Poison Magic   | 1 2 3 4 6 7 |  7.7
Spellcasting   | 3 4 5 6 7 8 |  8.0
Axes           | 1 4 5 |  5.3
Conjurations   | 4 |  4.7
Armour         | |  1.0
Dodging        | |  1.0
Stealth        | |  1.0
Hexes          | |  2.0
Fire Magic     | |  0.1

Action                   |  1- 3 |  4- 6 |  7- 9 || total
-------------------------+-------+-------+-------++-------
Melee: Dagger            |    32 |    11 |       ||    43
       Headbutt          |     3 |     6 |    14 ||    23
       Scimitar          |       |    16 |     7 ||    23
       War axe           |       |       |   104 ||   104
Throw: Stone             |       |     1 |       ||     1
 Cast: Foxfire           |    43 |    65 |   120 ||   228
       Sting             |    32 |    36 |    15 ||    83
       Poisonous Vapours |       |     2 |    15 ||    17
       Olgreb's Toxic Ra |       |       |    10 ||    10
Evoke: Wand              |       |       |     7 ||     7
  Use: Scroll            |     3 |     9 |     8 ||    20
       Potion            |       |     1 |     4 ||     5
 Stab: Sleeping          |       |     2 |     3 ||     5
Armor: Robe              |    30 |    13 |    17 ||    60
Dodge: Dodged            |    57 |    29 |    99 ||   185
Block: Other             |       |     6 |    52 ||    58

Table legend: (Time is in decaauts)
 A = Elapsed time spent in this place.
 B = Non-inter-level travel time spent in this place.
 C = Inter-level travel time spent in this place.
 D = Time resting spent in this place.
 E = Time spent auto-exploring this place.
 F = Levels seen in this place.
 G = Mean time per level.
                   A        B        C        D        E       F      G
               +--------+--------+--------+--------+--------+-----+--------+
         Total |  12603 |  12288 |    315 |   3078 |   7425 |   9 | 1400.3 |
       Dungeon |  12407 |  12092 |    315 |   3078 |   7251 |   8 | 1550.9 |
        Temple |    195 |    195 |      0 |      0 |    174 |   1 |  195.0 |
               +--------+--------+--------+--------+--------+-----+--------+

Top non-repeatable levels by time:
     D:7: 2963 daAuts
     D:1: 2277 daAuts
     D:6: 1666 daAuts
     D:5: 1315 daAuts
     D:2: 1259 daAuts
     D:4: 1225 daAuts
     D:8: 926 daAuts
     D:3: 771 daAuts
  Temple: 195 daAuts
